 Dungeon Crawl Stone Soup version 0.29.0-13-gc9e81de378 (webtiles) character file.

Game seed: 8271415147501770178

141 RascalDebosk the Cudgeller (level 5, -1/75 HPs)
             Began as a Troll Gladiator on Sept 9, 2022.
             Slain by Ijyb
             ... wielding a +0 club
              (5 damage)
             ... on level 3 of the Dungeon.
             The game lasted 00:10:28 (2471 turns).

RascalDebosk the Cudgeller (Troll Gladiator)        Turns: 2471, Time: 00:10:28

Health: -1/75      AC:  4    Str: 22    XL:     5   Next: 3%
Magic:  3/3        EV: 10    Int:  6    God:
Gold:   76         SH:  0    Dex: 11    Spells: 4/4 levels left

rFire   . . .      SeeInvis .   a - +0 flail
rCold   . . .      Faith    .   l - orb {*Rage}
rNeg    . . .      Spirit   .   b - +0 robe
rPois   .          Reflect  .   c - +0 hat
rElec   .          Harm     .   (no cloak)
rCorr   .          Rampage  .   (gloves unavailable)
Will    .....      Rage     20% (boots unavailable)
Stlth   ..........              (no amulet)
HPRegen 1.02/turn               (no ring)
MPRegen 0.08/turn               (no ring)

@: berserking, very quick
A: large, unfitting armour, claws 3, regeneration 1, shaggy fur 1, tough skin 1,
low MP 1
a: no special abilities


You were on level 3 of the Dungeon.
You visited 1 branch of the dungeon, and saw 3 of its levels.

You collected 76 gold pieces.

Inventory:

Hand Weapons
 a - a +0 flail (weapon)
Missiles
 d - 3 throwing nets (quivered)
 e - a large rock
 t - 5 boomerangs
Armour
 b - a +0 robe (worn)
 c - a +0 hat (worn)
 l - an orb of wrath (worn)
Jewellery
 m - an amulet of faith
Scrolls
 k - a scroll of teleportation {unknown}
 n - a scroll of fear {unknown}
 o - a scroll of immolation {unknown}
 p - a scroll of identify {unknown}
 r - a scroll of enchant armour {unknown}
 s - a scroll of poison {unknown}
 u - a scroll of butterflies {unknown}
Potions
 f - a potion of might {unknown}
 g - a potion of berserk rage {unknown}
 h - a potion of mutation
 i - a potion of haste {unknown}
 j - a potion of heal wounds {unknown}
 q - a potion of curing


   Skills:
 + Level 2.3 Fighting
 + Level 3.3 Maces & Flails
 + Level 2.6 Throwing
 + Level 3.0 Dodging
 + Level 1.3 Evocations


You had 4 spell levels left.
You didn't know any spells.
Your spell library was empty.

Dungeon Overview and Level Annotations

Branches:
Dungeon (3/15)

Altars:

Annotations:
D:3 Ijyb


Innate Abilities, Weirdness & Mutations

You are too large for most types of armour.
You have claws for hands.
Your natural rate of healing is unusually fast.
You are covered in fur. (AC +1)
You have tough skin. (AC +1)
Your magical capacity is low. (-10% MP)


Message History

Ijyb is severely wounded.
The giant cockroach waves its antennae.
Ijyb zaps a wand.
The roots erupt in riotous growth!
The grasping roots grab you!
Ijyb is unaffected.
The grasping roots constrict you. Ijyb hits you with a +0 club.
* * * LOW HITPOINT WARNING * * *
The grasping roots constrict you.
* * * LOW HITPOINT WARNING * * *
It was a potion of curing.
You feel better. Ijyb barely misses you. The grasping roots constrict you.
* * * LOW HITPOINT WARNING * * *
It was a potion of mutation.
You feel extremely strange.
You feel less energetic. Ijyb hits you with a +0 club.
* * * LOW HITPOINT WARNING * * *
The grasping roots constrict you.
* * * LOW HITPOINT WARNING * * *
The grasping roots release their grip on you.
A red film seems to cover your vision as you go berserk!
You feel yourself moving faster!
You feel mighty!
You hit Ijyb.
Ijyb is almost dead.
Ijyb hits you with a +0 club.
* * * LOW HITPOINT WARNING * * *
Unknown command.
You closely miss Ijyb.
Ijyb is almost dead.
A ball python comes into view.
Ijyb hits you with a +0 club.
* * * LOW HITPOINT WARNING * * *
Unknown command.
You closely miss Ijyb.
Ijyb is almost dead.
The ball python hisses angrily.
Ijyb hits you with a +0 club.
* * * LOW HITPOINT WARNING * * *
You closely miss Ijyb.
Ijyb is almost dead.
Ijyb hits you with a +0 club.
You die...

.. #### #.# ..#
#.##### #.#
#.#....
###.###....####
#..B.....###..#
#.#g#.#.##.....
#@#.......#
#...†.##.....##
###S#####....##
... #.....# #.#
#.##...... #.
##..###..## #
#####.....####
#......#......
#.###†........


You could see Ijyb, a giant cockroach and a ball python.

Vanquished Creatures
  Natasha (thrice) (D:2)
  3 adders
  3 worms (D:2)
  A dart slug (D:2)
  4 ball pythons
  3 bats
  3 endoplasms
  A goblin (D:1)
  3 hobgoblins
  2 kobolds
  2 quokkas
  2 frilled lizards (D:1)
  5 rats
35 creatures vanquished.

Notes
Turn   | Place    | Note
-------+----------+-------------------------------------------
     0 | D:1      | RascalDebosk the Troll Gladiator began the quest for the
                  | Orb.
     0 | D:1      | Reached XP level 1. HP: 19/19 MP: 0/0
    47 | D:1      | Found a faded altar of an unknown god.
   325 | D:1      | Reached XP level 2. HP: 28/28 MP: 1/1
  1053 | D:2      | Reached XP level 3. HP: 35/35 MP: 2/2
  1104 | D:2      | Noticed Natasha
  1111 | D:2      | Killed Natasha
  1280 | D:2      | Reached skill level 1 in Evocations
  1282 | D:2      | Noticed Natasha
  1288 | D:2      | Killed Natasha
  1289 | D:2      | Reached XP level 4. HP: 42/42 MP: 3/3
  1383 | D:2      | Noticed Natasha
  1385 | D:2      | Killed Natasha
  2398 | D:3      | Reached XP level 5. HP: 50/50 MP: 4/4
  2452 | D:3      | Noticed Ijyb
  2467 | D:3      | Gained mutation: Your magical capacity is low. (-10% MP)
                  | [potion of mutation]
  2470 | D:3      | HP: 3/75 [Ijyb/+0 club (2)]
  2471 | D:3      | Slain by Ijyb

Illustrated notes

Levels and vault maps discovered:
D:1:      shiori_arrival_elements, layout_loops_ring, basic_ecumenical_altar,
          minmay_curled_crystal
D:2:      layout_basic, kennysheep_pointless_box, uniq_natasha
D:3:      layout_loops_cross, minmay_misc_feat_iff, uniq_terence, uniq_ijyb

Skill      XL: |  1  2  3  4 |
---------------+-------------+-----
Throwing       | 2 |  2.6
Fighting       | 2 |  2.3
Maces & Flails | 3 |  3.3
Evocations     | 1 |  1.3
Dodging        | 3 |  3.0

Action                   |  1- 3 |  4- 6 || total
-------------------------+-------+-------++-------
Melee: Flail             |    73 |    57 ||   130
  Use: Potion            |       |     2 ||     2
 Stab: Sleeping          |       |     1 ||     1
Armor: Robe              |    25 |    11 ||    36
Dodge: Dodged            |    32 |    23 ||    55
